 Dungeon Crawl Stone Soup version 0.21.1-1-g345015fe64 (webtiles) character file.

298 Ingvold the Ruffian (level 6, -4/61 HPs)
             Began as a Troll Monk on May 31, 2018.
             Slain by an iron imp (8 damage)
             ... summoned by Natasha
             ... on level 4 of the Dungeon.
             The game lasted 00:07:50 (2132 turns).

Ingvold the Ruffian (Troll Monk)                    Turns: 2132, Time: 00:07:51

Health: -4/61      AC:  6    Str: 22    XL:     6   Next: 13%
Magic:  5/5        EV: 11    Int:  6    God:
Gold:   168        SH:  0    Dex: 12    Spells: 5/5 levels left

rFire    . . .     SeeInvis .     - Unarmed
rCold    . . .     Gourm    +   (no shield)
rNeg     . . .     Faith    .   a - +1 robe
rPois    .         Spirit   .   (helmet restricted)
rElec    .         Reflect  .   (no cloak)
rCorr    .         Harm     .   (gloves unavailable)
MR       .....                  (boots unavailable)
Stlth    ++........             (no amulet)
HPRegen  0.60/turn              (no ring)
MPRegen  0.09/turn              (no ring)

@: hasted, very quick
A: large, unfitting armour, claws 3, fast metabolism 3, gourmand, regeneration
1, shaggy fur 1, tough skin 2
a: no special abilities


You were on level 4 of the Dungeon.
You were completely stuffed.

You visited 1 branch of the dungeon, and saw 4 of its levels.

You collected 168 gold pieces.

Inventory:

Hand Weapons
 o - the +6 spear of Etiun {freeze, +Fly rPois}
   (You found it on level 3 of the Dungeon)

   It has been specially enchanted to freeze those struck by it, causing extra
   injury to most foes and up to half again as much damage against particularly
   susceptible opponents.
   It can also slow down cold-blooded creatures.
   It protects you from poison.
   It lets you fly.
Armour
 a - a +1 robe (worn)
Scrolls
 c - a scroll of teleportation
 g - 2 scrolls of identify
 t - a scroll of enchant armour
Potions
 d - 4 potions of curing
 e - a potion of invisibility {unknown}
 h - a potion of haste
 k - a potion of might {unknown}
 l - 3 potions of agility {unknown}
 m - a potion of lignification {unknown}
 n - a potion of brilliance {unknown}
 p - a potion of flight {unknown}
 r - a potion of mutation {unknown}
Comestibles
 b - 10 rations


   Skills:
 + Level 3.0 Fighting
 + Level 3.5 Dodging
 - Level 1.0 Stealth
 + Level 5.7 Unarmed Combat


You had 5 spell levels left.
You didn't know any spells.

Dungeon Overview and Level Annotations

Branches:
Dungeon (4/15)
 Temple: D:4-7

Altars:
Ashenzari
Cheibriados
Xom

Annotations:
D:4 Natasha


Innate Abilities, Weirdness & Mutations

You are too large for most types of armour.
You have claws for hands.
Your metabolism is lightning-fast.
You like to eat raw meat.
Your natural rate of healing is unusually fast.
You are covered in fur. (AC +1)
You have very tough skin. (AC +2)


Message History

You miss Natasha.
Natasha is almost dead.
The jackal misses you. The jackal closely misses you. x2
The gnoll hits you but does no damage. The shadow imp barely misses you.
Natasha mumbles some strange words.
The gnoll closely misses you.
The iron imp hits you but does no damage.
You closely miss Natasha.
Natasha is almost dead.
The jackal barely misses you.
The jackal misses you. x2; The gnoll hits you.
* * * LOW HITPOINT WARNING * * *
The shadow imp hits you but does no damage.
You closely miss Natasha.
Natasha is almost dead.
The jackal barely misses you. x2
Natasha casts a spell at you. The magic dart hits you!
* * * LOW HITPOINT WARNING * * *
The jackal barely misses you. The gnoll misses you. The iron imp hits you!
You die...

.....# ....... .....
......... ....... ....
#........ ....... ... #..#
.... ##....... .. #..# #..#
##........ .# #..#
#..####))†...... .### #..#
#..##....)...... ...## #..#
#..#hg..........
#...####..###..h@hg...?.....
###.........#.555hZ.........
###.....#.....g...........
##....#.###.....###...!.
##.....#####_#####..... #
##....###.....###.....
########....................
.....##.................
....................


You could see an iron imp, Natasha, 3 gnolls, a crimson imp, a shadow imp, 3
jackals and an adder skeleton.

Vanquished Creatures
  A scorpion (D:4)
  A centaur skeleton (D:4)
  An orc priest (D:4)
  Natasha (twice) (D:4)
  A worker ant (D:4)
  A worker ant zombie (D:2)
  3 adders
  A gnoll (D:3)
  2 adder skeletons (D:2)
  A worm (D:2)
  2 leopard geckos
  4 orcs
  A bat zombie (D:2)
  7 goblins
  5 hobgoblins
  7 jackals
  5 bats
  3 frilled lizards
  A jackal skeleton (D:2)
  11 kobolds
  A leopard gecko skeleton (D:2)
  A quokka zombie (D:2)
  6 rats
68 creatures vanquished.

Notes
Turn   | Place    | Note
-------+----------+-------------------------------------------
     0 | D:1      | Ingvold the Troll Monk began the quest for the Orb.
     0 | D:1      | Reached XP level 1. HP: 22/22 MP: 0/0
   191 | D:1      | Reached XP level 2. HP: 29/29 MP: 1/1
   785 | D:2      | Reached XP level 3. HP: 36/36 MP: 2/2
  1078 | D:2      | Reached skill level 4 in Unarmed Combat
  1090 | D:2      | Reached XP level 4. HP: 40/44 MP: 3/3
  1338 | D:3      | Found a snail-covered altar of Cheibriados.
  1381 | D:3      | Found a shimmering altar of Xom.
  1411 | D:3      | Got a smoking spear
  1449 | D:3      | Identified the +6 spear of Etiun {freeze, +Fly rPois} (You found it on level 3 of the Dungeon)
  1856 | D:4      | Reached XP level 5. HP: 52/52 MP: 4/4
  1982 | D:4      | Reached skill level 5 in Unarmed Combat
  2090 | D:4      | Found a shattered altar of Ashenzari.
  2098 | D:4      | Noticed Natasha
  2104 | D:4      | Killed Natasha
  2106 | D:4      | Reached XP level 6. HP: 47/61 MP: 5/5
  2109 | D:4      | Noticed Natasha
  2114 | D:4      | Killed Natasha
  2116 | D:4      | Noticed Natasha
  2132 | D:4      | Slain by an iron imp

Skill      XL: |  1  2  3  4  5 |
---------------+----------------+-----
Unarmed Combat | 4 5 |  5.7
Dodging        | 3 |  3.5
Fighting       | 3 |  3.0
Stealth        | |  1.0

Action                   |  1- 3 |  4- 6 || total
-------------------------+-------+-------++-------
Melee: Unarmed           |    83 |    82 ||   165
       Punch             |       |     2 ||     2
  Use: Scroll            |     4 |     6 ||    10
       Potion            |       |     2 ||     2
 Stab: Sleeping          |     1 |       ||     1
  Eat: Chunk             |    15 |    10 ||    25
Armor: Robe              |    40 |    46 ||    86
Dodge: Dodged            |    63 |    94 ||   157
